 Dungeon Crawl Stone Soup version 0.31-a0-161-gb58dd9be76 (webtiles) character file.

Game seed: 11439700101119337239

93 qw the Shooter (level 4, 0/28 HPs)
             Began as a Gargoyle Hunter on June 12, 2023.
             Slain by an ice beast (12 damage)
             ... on level 3 of the Dungeon.
             The game lasted 00:00:37 (1386 turns).

qw the Shooter (Gargoyle Hunter)                    Turns: 1386, Time: 00:00:38

Health: 0/28       AC:  8    Str: 15    XL:     4   Next: 62%
Magic:  4/4        EV: 11    Int:  9    God:
Gold:   59         SH:  0    Dex: 15    Spells: 3/3 levels left

rFire   . . .        Y - +0 shortbow
rCold   . . .        (shield currently unavailable)
rNeg    + . .        a - +0 ring mail
rPois   inf          (no helmet)
rElec   +            (no cloak)
rCorr   .            (no gloves)
SInv    .            (no boots)
Will    +....        (no amulet)
Stlth   +            k - ring of willpower
HPRegen 0.24/turn    (no ring)
MPRegen 0.09/turn

%: no passive effects
@: no status effects
A: sickness immunity, AC +3, negative energy resistance 1, electricity
resistance, torment resistance 1, petrification resistance
a: no special abilities


You were on level 3 of the Dungeon.
You visited 1 branch of the dungeon, and saw 3 of its levels.

You collected 59 gold pieces.


Innate Abilities, Weirdness & Mutations

You are immune to sickness and miasma.
Your stone body is resilient. (AC +3)
You are immune to poison.
You resist negative energy. (rN+)
You are resistant to electric shocks. (rElec)
You are resistant to unholy torment.
You are immune to petrification.


   Skills:
 - Level 3.0 Fighting
 + Level 5.3 Ranged Weapons
 - Level 1.3 Armour
 - Level 1.5 Dodging
 - Level 1.1 Stealth


You had 3 spell levels left.
You didn't know any spells.
Your spell library was empty.

Inventory:

Hand Weapons
 Y - a +0 shortbow (weapon)
Armour
 a - a +0 ring mail (worn)
Jewellery
 k - a ring of willpower (left hand)
Scrolls
 e - 2 scrolls of teleportation
 g - a scroll of identify
Potions
 f - a potion of magic {unknown}
 h - a potion of degeneration {unknown}
 j - a potion of mutation {unknown}

Dungeon Overview and Level Annotations

Branches:
Dungeon (3/15)

Altars:


Message History

The adder bites you but does no damage.
You shoot an arrow. The arrow barely misses the adder.
The adder bites you but does no damage. The adder bites you.
You shoot an arrow. The arrow hits the adder!
The adder is severely wounded.
The adder closely misses you. The adder bites you but does no damage.
You shoot an arrow. The arrow closely misses the adder.
The adder closely misses you.
You shoot an arrow. The arrow hits the adder!
You kill the adder!
You start resting.
HP restored.
Found a stone staircase leading down.
An adder comes into view.
The adder hisses angrily.
You shoot an arrow. The arrow closely misses the adder.
An ice beast comes into view.
You shoot an arrow. The arrow barely misses the adder.
The arrow barely misses the ice beast.
You shoot an arrow. The arrow barely misses the adder.
The arrow barely misses the ice beast.
The adder closely misses you.
You shoot an arrow. The arrow hits the adder!
The adder is severely wounded.
The adder misses you.
You shoot an arrow. The arrow hits the adder!
You kill the adder!
Your Armour skill increases to level 1!
You shoot an arrow. The arrow closely misses the ice beast.
The ice beast hits you but does no damage.
You shoot an arrow.
The arrow hits the ice beast but does no damage.
The ice beast hits you but does no damage.
You shoot an arrow. The arrow hits the ice beast!
The ice beast is moderately wounded.
The ice beast hits you. The ice beast freezes you!
You shoot an arrow. The arrow hits the ice beast.
The ice beast is heavily wounded.
The ice beast hits you. The ice beast freezes you!
You die...

.... ....
.....
#####.....
##.....$...
##...>......
#....Y......
#...@......#
#..........#
#<....>....#
#..........#
##........##
#..........#
#..........#
#.<.........
#........<.


You could see an ice beast.

Vanquished Creatures
  4 adders
  A worm (D:2)
  5 ball pythons
  8 endoplasms
  2 giant cockroaches (D:1)
  4 hobgoblins
  4 jackals (D:1)
  9 bats
  4 frilled lizards
  8 kobolds
  5 rats
54 creatures vanquished.

Notes
Turn   | Place    | Note
-------+----------+-------------------------------------------
     0 | D:1      | qw the Gargoyle Hunter began the quest for the Orb.
     0 | D:1      | Reached XP level 1. HP: 12/12 MP: 1/1
     0 | D:1      | 0 ||| qw: Version: 0.2-a-29-gc1b59c4
     0 | D:1      | 0 ||| qw: Game counter: 4266
     0 | D:1      | 0 ||| qw: Always use a shield: true
     0 | D:1      | 0 ||| qw: God list: Okawaru
     0 | D:1      | 0 ||| qw: Allow faded altars: false
     0 | D:1      | 0 ||| qw: Do Orc after D:15 true
     0 | D:1      | 0 ||| qw: Do second Lair branch before Depths: true
     0 | D:1      | 0 ||| qw: Lair rune preference: random
     0 | D:1      | 0 ||| qw: Plans: Normal, Zot:1-4, Slime:5, God:TSO, Crypt,
                  | Tomb, Abyss, Pan, Hells, Win
     0 | D:1      | 0 ||| PLANNING D:1-11
    48 | D:1      | Reached XP level 2. HP: 16/17 MP: 2/2
    75 | D:1      | Noticed a floating eye
    76 | D:1      | Found a faded altar of an unknown god.
    84 | D:1      | Noticed a shining eye
    84 | D:1      | Noticed a floating eye
    84 | D:1      | Noticed a golden eye
   460 | D:1      | Reached XP level 3. HP: 21/21 MP: 3/3
   470 | D:1      | Reached skill level 5 in Ranged Weapons
   879 | D:1      | 879 ||| UPGRADING to ring of willpower.
   880 | D:1      | 880 ||| READING 3 scrolls labelled DOKKOSCHUMUH.
   881 | D:1      | 881 ||| READING 2 scrolls labelled NAIGENE KEODUG.
   886 | D:1      | 886 ||| READING 2 scrolls labelled YHAICU IRIGUTZ.
   887 | D:1      | 887 ||| READING scroll labelled ZOETRI ULOETRUFI.
   888 | D:1      | 888 ||| READING scroll labelled CEDUON CILIA.
   889 | D:1      | 889 ||| DROPPING 2 scrolls of noise.
   890 | D:1      | 890 ||| DROPPING scroll of butterflies.
   987 | D:2      | Reached skill level 3 in Fighting
  1134 | D:2      | Reached XP level 4. HP: 28/28 MP: 4/4
  1347 | D:2      | 1347 ||| UPGRADING to +0 ring mail.
  1357 | D:2      | 1357 ||| DROPPING +0 leather armour.
  1358 | D:2      | 1358 ||| DROPPING ring of wizardry.
  1378 | D:3      | Noticed an ice beast
  1383 | D:3      | Reached skill level 1 in Armour
  1386 | D:3      | Slain by an ice beast

Levels and vault maps discovered:
D:1:      eino_arrival_cavern_b, layout_basic,
          hellmonk_ecumenical_altar_watching_god, chequers_serial_rivers_room_b,
          minmay_3d_cube
D:2:      layout_rooms
D:3:      layout_rooms, minitemple

Skill      XL: |  1  2  3  4 |
---------------+-------------+-----
Ranged Weapons | 5 |  5.3
Fighting       | 3 |  3.0
Armour         | 1 |  1.3
Dodging        | |  1.5
Stealth        | |  1.1

Action                     |  1- 3 |  4- 6 || total
---------------------------+-------+-------++-------
   Fire: Shortbow          |   117 |    30 ||   147
    Use: Scroll            |     5 |       ||     5
 Armour: Leather armour    |    27 |       ||    27
         Ring mail         |       |     5 ||     5
  Dodge: Dodged            |    28 |     5 ||    33

Table legend:
 A = Non-vault XP
 B = Vault XP
 C = Vault XP percentage of total XP
 D = Non-vault monster count
 E = Vault monster count
 F = Vault count percentage of total count
                 A         B        C        D         E       F
            +---------+---------+-------+---------+---------+-------
      Total |     131 |       3 |   2.2 |      52 |       2 |   3.7
            +---------+---------+-------+---------+---------+-------
        D:1 |      48 |       3 |   5.9 |      29 |       2 |   6.5
        D:2 |      56 |       0 |   0.0 |      20 |       0 |   0.0
        D:3 |      27 |       0 |   0.0 |       3 |       0 |   0.0
            +---------+---------+-------+---------+---------+-------
